 Dungeon Crawl Stone Soup version 0.29.0-4-gdea44cf6ec (webtiles) character file.

Game seed: 15797802312405804649

397 qw the Chopper (level 6, -21/53 HPs)
             Began as a Minotaur Fighter on Sept 5, 2022.
             Was a Follower of Ru.
             Demolished by an ogre
             ... wielding a +0 giant club
              (25 damage)
             ... on level 4 of the Dungeon.
             The game lasted 00:01:30 (3360 turns).

qw the Chopper (Minotaur Fighter)                   Turns: 3360, Time: 00:01:30

Health: -21/53     AC: 12    Str: 22    XL:     6   Next: 53%
Magic:  5/5        EV:  9    Int:  5    God:    Ru [*.....]
Gold:   124        SH:  4    Dex: 10    Spells: 5/5 levels left

rFire   . . .      SeeInvis .   Y - +2 war axe
rCold   . . .      Faith    .   c - +0 buckler
rNeg    . . .      Spirit   .   b - +0 scale mail
rPois   .          Reflect  .   (helmet restricted)
rElec   .          Harm     .   (no cloak)
rCorr   .          Rampage  .   g - +0 pair of gloves
Will    .....                   (no boots)
Stlth   ..........              (no amulet)
HPRegen 0.17/turn               m - +4 ring of protection
MPRegen 0.09/turn               (no ring)

@: about to teleport
A: horns 2, inability to train dodging, retaliatory headbutt
a: Renounce Religion


You were on level 4 of the Dungeon.
You worshipped Ru.
Ru was aware of your devotion.
You visited 2 branches of the dungeon, and saw 6 of its levels.

You collected 294 gold pieces.
You spent 170 gold pieces at shops.


Innate Abilities, Weirdness & Mutations

You have a pair of horns on your head.
You cannot train Dodging skill.
You reflexively headbutt those who attack you in melee.


   Skills:
 - Level 4.6 Fighting
 + Level 7.8 Axes
 - Level 3.6 Armour
 - Level 3.6 Shields


You had 5 spell levels left.
You didn't know any spells.
Your spell library was empty.

Inventory:

Hand Weapons
 i - a +0 flail
 Y - a +2 war axe (weapon)
Armour
 b - a +0 scale mail (worn)
 c - a +0 buckler (worn)
 g - a +0 pair of gloves (worn)
 n - a +0 pair of boots of flying
Jewellery
 m - a +4 ring of protection (left hand)
Scrolls
 a - 2 scrolls of identify
Potions
 d - a potion of might
 e - 5 potions of curing
 f - a potion of ambrosia {unknown}
 h - a potion of berserk rage {unknown}
 j - a potion of lignification {unknown}
 l - 3 potions of haste

Dungeon Overview and Level Annotations

Branches:
Dungeon (5/15)             Temple (1/1) D:4

Altars:
Ashenzari
Cheibriados
Fedhas
Kikubaaqudgha
Makhleb
Nemelex Xobeh
Okawaru
Ru
Sif Muna
Uskayaw
Wu Jian
Xom
The Shining One

Shops:
D:4 *


Message History

The hound is severely wounded.
The hound bites you but does no damage. x2
You slash the hound!
You kill the hound!
You hit the worm.
The worm is lightly wounded.
You slash the worm!
The worm is heavily wounded.
The worm closely misses you.
You slash the worm!
You kill the worm!
Things that are here:
a +0 whip; 2 stones
Found a burning altar of Makhleb.
a - 2 scrolls of identify (gained 1)
An ogre comes into view. It is wielding a +0 giant club.
Found 9 gold pieces.
The ogre shouts!
A ball python comes into view.
The ball python hisses angrily.
You slash the ogre!
The ogre is moderately wounded.
The ogre hits you with a +0 giant club.
You closely miss the ogre.
The ogre is moderately wounded.
The ogre hits you with a +0 giant club!
You hit the ogre.
The ogre is moderately wounded.
The ogre hits you with a +0 giant club!
You slice the ogre!! Your headbutt misses the ogre.
The ogre is almost dead.
You barely miss the ogre.
The ogre is almost dead.
The ogre hits you with a +0 giant club!!
Ouch! That really hurt!
3360 ||| READING scroll of teleportation.
As you read the scroll of teleportation, it crumbles to dust.
You feel strangely unstable.
The ogre hits you with a +0 giant club!!
You die...

### ###\#########
. #.._..#.....# #
... #...##.....# .
.....##...#......#
. ...#
.....SO@.........#
.....#
$....###.........#
.....# ....
#.........# .....#
..... ###.......#
.....#
.....#####.......#
.....#
#...)........#
.....#
#.....########
.....# #.....#
.....# #.....#


You could see an ogre and a ball python.

Vanquished Creatures
  A scorpion (D:4)
  A jelly (D:4)
  4 hounds (D:4)
  An orc wizard (D:4)
  6 adders
  2 worms
  4 dart slugs
  3 orcs (D:4)
  6 ball pythons
  An endoplasm (D:2)
  4 giant cockroaches
  5 goblins
  12 hobgoblins
  5 jackals
  4 quokkas
  5 bats
  3 frilled lizards
  6 kobolds
  4 rats
77 creatures vanquished.

Vanquished Creatures (others)
  8 plants (D:3)
  2 withered plants (D:1)
10 creatures vanquished.

Grand Total: 87 creatures vanquished

Notes
Turn   | Place    | Note
-------+----------+-------------------------------------------
     0 | D:1      | qw the Minotaur Fighter began the quest for the Orb.
     0 | D:1      | Reached XP level 1. HP: 19/19 MP: 0/0
     0 | D:1      | 0 ||| qw: Version: 0.1-a-104-g96f76f8
     0 | D:1      | 0 ||| qw: Game counter: 5965
     0 | D:1      | 0 ||| qw: Always use a shield: true
     0 | D:1      | 0 ||| qw: God list: Ru
     0 | D:1      | 0 ||| qw: Allow faded altars: false
     0 | D:1      | 0 ||| qw: Do Orc after D:15 true
     0 | D:1      | 0 ||| qw: Do second Lair branch before Depths: true
     0 | D:1      | 0 ||| qw: Lair rune preference: random
     0 | D:1      | 0 ||| qw: Plans: Normal
     0 | D:1      | 0 ||| PLANNING D:1-11
    92 | D:1      | Found a faded altar of an unknown god.
    95 | D:1      | 95 ||| Stepping ~*~*~tactically~*~*~ (stealth).
    96 | D:1      | 96 ||| Stepping ~*~*~tactically~*~*~ (stealth).
   105 | D:1      | Reached skill level 3 in Axes
   115 | D:1      | Reached XP level 2. HP: 26/26 MP: 1/1
   281 | D:1      | 281 ||| DROPPING +0 club.
   432 | D:1      | Reached skill level 4 in Axes
   739 | D:1      | 739 ||| READING scroll labelled INYIL OPHOU.
   740 | D:1      | 740 ||| READING scroll labelled JEULAR WYSTREDD.
   741 | D:1      | 741 ||| READING scroll labelled LEFAIR EGRUWN.
   744 | D:1      | 744 ||| READING scroll labelled JEREOCADOP.
   745 | D:1      | 745 ||| DRINKING 2 amethyst potions.
   797 | D:2      | Reached XP level 3. HP: 31/31 MP: 2/2
  1168 | D:2      | Reached skill level 5 in Axes
  1324 | D:2      | Reached skill level 1 in Dodging
  1439 | D:2      | 1439 ||| Stepping ~*~*~tactically~*~*~ (stealth).
  1443 | D:2      | Reached XP level 4. HP: 37/39 MP: 3/3
  1698 | D:2      | 1698 ||| UPGRADING to +0 pair of gloves.
  1703 | D:2      | 1703 ||| UPGRADING to +4 ring of protection.
  1704 | D:2      | 1704 ||| READING 2 scrolls of identify.
  1704 | D:2      | 1704 ||| IDENTIFYING fuming purple potion
  1705 | D:2      | 1705 ||| DROPPING potion of attraction.
  1772 | D:3      | You fall into a shaft and drop 2 floors!
  1772 | D:5      | Entered Level 5 of the Dungeon
  1801 | D:5      | 1801 ||| DRINKING 2 fizzy blue potions.
  1812 | D:4      | 1812 ||| PLANNING SEWER
  1836 | D:4      | Reached skill level 6 in Axes
  1903 | D:4      | Reached XP level 5. HP: 42/45 MP: 4/4
  1951 | D:4      | Found a staircase to the Ecumenical Temple.
  1952 | D:4      | 1952 ||| PLANNING TEMPLE
  1964 | Temple   | Entered the Ecumenical Temple
  2125 | Temple   | 2125 ||| PLANNING SEWER
  2227 | D:4      | Found a sacrificial altar of Ru.
  2228 | D:4      | 2228 ||| Stepping ~*~*~tactically~*~*~ (stealth).
  2250 | D:4      | Became a worshipper of Ru the Awakened
  2260 | D:4      | HP: 9/45 [acid (5)]
  2261 | D:4      | 2261 ||| DRINKING potion of heal wounds.
  2263 | D:4      | Reached skill level 7 in Axes
  2402 | D:4      | Found Wotruba's General Store.
  2408 | D:4      | 2408 ||| BUYING 2 potions of curing (66 gold).
  2408 | D:4      | Bought 2 potions of curing for 66 gold pieces
  2408 | D:4      | 2408 ||| SHOPLISTING ring of willpower (275 gold, have
                  | 153).
  2408 | D:4      | 2408 ||| BUYING scroll of enchant weapon (82 gold).
  2408 | D:4      | Bought a scroll of enchant weapon for 82 gold pieces
  2408 | D:4      | 2408 ||| BUYING scroll of identify (22 gold).
  2408 | D:4      | Bought a scroll of identify for 22 gold pieces
  2408 | D:4      | 2408 ||| READING scroll of enchant weapon.
  2408 | D:4      | 2408 ||| ENCHANTING +0 war axe.
  2504 | D:4      | 2504 ||| Stepping ~*~*~tactically~*~*~ (stealth).
  2512 | D:4      | 2512 ||| DROPPING +0 whip.
  2528 | D:4      | 2528 ||| RIP SEWER
  2601 | D:4      | 2601 ||| PLANNING D:1-11
  2601 | D:4      | 2601 ||| READING 2 scrolls of identify.
  2601 | D:4      | 2601 ||| IDENTIFYING grey potion
  2606 | D:4      | 2606 ||| DROPPING potion of degeneration.
  2808 | D:3      | 2808 ||| Stepping ~*~*~tactically~*~*~ (stealth).
  2819 | D:3      | 2819 ||| Stepping ~*~*~tactically~*~*~ (stealth).
  2820 | D:3      | 2820 ||| Stepping ~*~*~tactically~*~*~ (stealth).
  3026 | D:3      | 3026 ||| DROPPING amulet of faith.
  3116 | D:4      | Reached XP level 6. HP: 47/53 MP: 5/5
  3295 | D:4      | 3295 ||| INVOKING Sacrifice Nimbleness.
  3295 | D:4      | Gained mutation: You cannot train Dodging skill. [Ru
                  | sacrifice]
  3295 | D:4      | Reached * piety under Ru
  3299 | D:4      | 3299 ||| READING scroll of enchant weapon.
  3299 | D:4      | 3299 ||| ENCHANTING +1 war axe.
  3318 | D:4      | 3318 ||| Stepping ~*~*~tactically~*~*~ (stealth).
  3320 | D:4      | 3320 ||| Stepping ~*~*~tactically~*~*~ (stealth).
  3339 | D:4      | Found a burning altar of Makhleb.
  3359 | D:4      | HP: 4/53 [ogre/+0 giant club (28)]
  3360 | D:4      | 3360 ||| READING scroll of teleportation.
  3360 | D:4      | Demolished by an ogre

Levels and vault maps discovered:
D:1:      sevenhm_arrival_forest_fort_small_4, layout_basic,
          ebering_ecumenical_altar_petrified, minmay_quantized
D:2:      layout_loops_cross, minmay_hedge_maze, minmay_tetromino_s4
D:3:      layout_rooms, serial_bayou_lake_a
D:4:      layout_gridville, nicolae_ru_great_annihilating_truth,
          makhleb_heckhound_becter, minmay_temple_entry_waves, serial_shops,
          kennysheep_little_box, portal_sewer_entry_d
D:5:      minmay_thick_lines, layout_loops_ring, nicolae_overflow_crystal_walls,
          guppyfry_early_orc_mine
Temple:   bh_familiar_temple

Skill      XL: |  1  2  3  4  5  6 |
---------------+-------------------+-----
Axes           | 3 4 5 6 7 |  7.8
Dodging        | 1 0 |  0.0
Fighting       | 4 |  4.6
Armour         | |  3.6
Shields        | |  3.6

Action                   |  1- 3 |  4- 6 || total
-------------------------+-------+-------++-------
Melee: War axe           |    74 |    99 ||   173
       Headbutt          |    12 |    10 ||    22
Invok: Sacrifice Nimblen |       |     1 ||     1
  Use: Scroll            |     4 |     5 ||     9
       Potion            |     1 |     2 ||     3
 Stab: Paralysed         |       |     1 ||     1
Armor: Scale mail        |    27 |    48 ||    75
Dodge: Dodged            |    18 |    35 ||    53
Block: Buckler           |    11 |    17 ||    28

Table legend:
 A = Non-vault XP
 B = Vault XP
 C = Vault XP percentage of total XP
 D = Non-vault monster count
 E = Vault monster count
 F = Vault count percentage of total count
                 A         B        C        D         E       F
            +---------+---------+-------+---------+---------+-------
      Total |     465 |     103 |  18.1 |      66 |      11 |  14.3
            +---------+---------+-------+---------+---------+-------
        D:1 |      31 |       5 |  13.9 |      16 |       3 |  15.8
        D:2 |      89 |       3 |   3.3 |      21 |       2 |   8.7
        D:3 |      17 |       0 |   0.0 |      10 |       0 |   0.0
        D:4 |     328 |      95 |  22.5 |      19 |       6 |  24.0
            +---------+---------+-------+---------+---------+-------
